 Dungeon Crawl Stone Soup version 0.28.0-53-g5a82cb258f (webtiles) character file.

Game seed: 12345748689695942213

5 Gabide the Skirmisher (level 1, 0/18 HPs)
             Began as a Mummy Berserker on June 20, 2022.
             Was a Follower of Trog.
             Slain by a quokka (5 damage)
             ... on level 1 of the Dungeon.
             The game lasted 00:00:44 (101 turns).

Gabide the Skirmisher (Mummy Berserker)              Turns: 101, Time: 00:00:44

Health: 0/18       AC:  2    Str: 20    XL:     1   Next: 66%
Magic:  1/1        EV: 12    Int:  6    God:    Trog [*.....]
Gold:   5          SH:  0    Dex: 11    Spells: 0/0 levels left

rFire   x . .      SeeInvis .     - Unarmed
rCold   + . .      Faith    .   (no shield)
rNeg    + + +      Spirit   .   a - +0 animal skin
rPois   ∞          Reflect  .   (no helmet)
rElec   .          Harm     .   (no cloak)
rCorr   .          Rampage  .   (no gloves)
Will    .....                   (no boots)
Stlth   +.........              (no amulet)
HPRegen 0.06/turn               (no ring)
MPRegen 0.07/turn               (no ring)

@: no status effects
A: cold resistance 1, negative energy resistance 3, torment resistance 2, heat
vulnerability 1, no potions
a: Renounce Religion


You were on level 1 of the Dungeon.
You worshipped Trog.
Trog was aware of your devotion.
You visited 1 branch of the dungeon, and saw 1 of its levels.

You collected 5 gold pieces.

Inventory:

Armour
 a - a +0 animal skin (worn)


   Skills:
 + Level 3.2 Fighting
 - Level 1.5 Armour
 - Level 1.5 Dodging
 + Level 2.6 Unarmed Combat


You couldn't memorise any spells.
You didn't know any spells.
Your spell library was empty.

Dungeon Overview and Level Annotations

Branches:
Dungeon (1/15)

Altars:


Innate Abilities, Weirdness & Mutations

You are immune to poison.
Your flesh is cold resistant. (rC+)
You are immune to negative energy. (rN+++)
You are immune to unholy pain and torment.
You are vulnerable to heat. (rF-)
You do not drink.


Message History

You are too injured to fight recklessly!
You are too injured to fight recklessly!
You are too injured to fight recklessly!
You are too injured to fight recklessly!
You are too injured to fight recklessly!
You are too injured to fight recklessly!
You are too injured to fight recklessly!
You are too injured to fight recklessly!
You are too injured to fight recklessly!
You are too injured to fight recklessly!
You are too injured to fight recklessly!
You are too injured to fight recklessly!
You are too injured to fight recklessly!
You are too injured to fight recklessly!
You are too injured to fight recklessly!
You are too injured to fight recklessly!
You are too injured to fight recklessly!
You are too injured to fight recklessly!
You are too injured to fight recklessly!
You are too injured to fight recklessly!
You hit the jackal but do no damage.
The jackal is heavily wounded.
The jackal closely misses you.
You closely miss the jackal.
The jackal is heavily wounded.
The jackal barely misses you.
You hit the jackal.
You kill the jackal!
Trog accepts your kill. The jackal closely misses you.
You hit the jackal.
You kill the jackal!
Trog accepts your kill.
You closely miss the quokka. The quokka bites you.
* * * LOW HITPOINT WARNING * * *
The quokka closely misses you.
You hit the quokka but do no damage.
The quokka bites you but does no damage.
You barely miss the quokka. The quokka bites you.
You die...

....... .........
...#......... ............##
##......(....# ♣♣♣♣♣♣
.............#♣♣♣ ♣♣.♣♣.♣
............#..♣♣♣♣.....♣♣♣
#.........#♣@♣...(.<..♣>♣♣♣
#..........r♣..♣♣♣...>.♣..♣##
#####........##.♣♣♣♣
♣♣..♣♣(♣....
...##.#.....###♣♣ ♣♣♣♣♣♣♣....
......####### ♣♣♣#. ...h#.#
#. ........ #. ...##.#.# #.
#####..... ####### #.


You could see a quokka.

Vanquished Creatures
  4 jackals (D:1)
4 creatures vanquished.

Notes
Turn   | Place    | Note
-------+----------+-------------------------------------------
     0 | D:1      | Gabide the Mummy Berserker began the quest for the Orb.
     0 | D:1      | Reached XP level 1. HP: 18/18 MP: 1/1
   101 | D:1      | Slain by a quokka

Illustrated notes

Levels and vault maps discovered:
D:1:      roderic_dead_forest, layout_rooms, serial_shops,
          nicolae_shop_hallway_plus, shop_fountains

Action                   || total
-------------------------++-------
Melee: Unarmed           ||    17
       Punch             ||     2
Armor: Animal skin       ||     2
Dodge: Dodged            ||     8
